 Dungeon Crawl Stone Soup version 0.29-a0-194-g6e3aafee17 (webtiles) character file.

Game seed: 11861885138823763799

1930 drugrobin the Spear-Bearer (level 8, -5/60 HPs)
             Began as a Demigod Warper on Feb 23, 2022.
             Slain by a two-headed ogre
             ... wielding a +0 giant club
              (26 damage)
             ... on level 8 of the Dungeon.
             The game lasted 00:31:05 (10608 turns).

drugrobin the Spear-Bearer (Demigod Warper)        Turns: 10608, Time: 00:31:11

Health: -5/60      AC:  8    Str: 20    XL:     8   Next: 65%
Magic:  13/13      EV: 11    Int: 15    God:
Gold:   81         SH:  0    Dex: 13    Spells: 4/10 levels left

rFire   . . .      SeeInvis .   c - +3 dagger (venom)
rCold   . . .      Faith    .   (no shield)
rNeg    . . .      Spirit   .   s - +0 leather armour
rPois   .          Reflect  .   (no helmet)
rElec   .          Harm     .   z - scarf {repulsion}
rCorr   .          Rampage  .   (no gloves)
Will    .....                   j - +0 pair of boots
Stlth   ++........              (no amulet)
HPRegen 0.20/turn               C - ring of wizardry
MPRegen 0.13/turn               D - +4 ring of protection

@: repel missiles
A: high MP 1, forlorn, divine attributes
a: no special abilities


You were on level 8 of the Dungeon.
You visited 1 branch of the dungeon, and saw 9 of its levels.

You collected 437 gold pieces.
You spent 356 gold pieces at shops.

Inventory:

Hand Weapons
 a - the +3 spear of Wayramum {freeze, Will+ MP+9}
   (You found it on level 4 of the Dungeon)

   It freezes those it strikes, dealing additional cold damage.
   It can also slow down cold-blooded creatures.
   MP:        It affects your magic capacity (+9).
   Will:      It increases your willpower.
 b - a +0 shortbow
 c - a +3 dagger of venom (weapon)
 n - a +0 spear
 r - a +2 antimagic hand axe
Missiles
 g - 306 stones
 w - 4 boomerangs (quivered)
Armour
 j - a +0 pair of boots (worn)
 s - a +0 leather armour (worn)
 z - a scarf of repulsion (worn)
 K - an orb of mayhem
Magical Staves
 M - a staff of fire
Jewellery
 B - a ring of protection from cold
 C - a ring of wizardry (left hand)
 D - a +4 ring of protection (right hand)
 E - a ring of resist corrosion
Wands
 H - a wand of acid (11)
 O - a wand of paralysis (3)
Scrolls
 e - 2 scrolls of amnesia {unknown}
 h - 2 scrolls of fog {unknown}
 l - a scroll of vulnerability {unknown}
 o - 2 scrolls of enchant armour {unknown}
 q - 2 scrolls of fear {unknown}
 u - 2 scrolls of teleportation {unknown}
 v - 3 scrolls of blinking
 y - a scroll of noise {unknown}
 G - 6 scrolls of identify {unknown}
 I - a scroll of enchant weapon {unknown}
 J - a scroll of torment {unknown}
Potions
 d - 5 potions of curing
 f - 2 potions of might
 i - a potion of heal wounds
 m - a potion of brilliance {unknown}
 p - 4 potions of haste
 t - a potion of magic {unknown}
 x - a potion of ambrosia {unknown}
 A - 2 potions of mutation {unknown}
 F - a potion of cancellation {unknown}
 L - a potion of berserk rage
 N - a potion of flight {unknown}
 P - a potion of invisibility {unknown}
 Q - a potion of lignification {unknown}


   Skills:
 - Level 1.7 Fighting
 + Level 8.0 Polearms
 - Level 0.8 Throwing
 - Level 0.8 Armour
 - Level 1.7 Dodging
 - Level 2.0 Stealth
 - Level 1.7 Spellcasting
 + Level 7.5 Translocations


You had 4 spell levels left.
You knew the following spells:

 Your Spells              Type           Power      Damage    Failure   Level
a - Blink                 Tloc           46%        N/A       1%          2
b - Teleport Other        Tloc           23%        N/A       1%          3
c - Summon Small Mammal   Summ           4%         N/A       11%         1

Your spell library contained the following spells:

 Spells                   Type           Power      Damage    Failure   Level
 Gell's Gravitas          Tloc           23%        N/A       1%          3
 Lesser Beckoning         Tloc           23%        N/A       1%          3
 Portal Projectile        Hex/Tloc       24%        N/A       7%          3
 Call Canine Familiar     Summ           1%         N/A       32%         3
 Summon Guardian Golem    Hex/Summ       1%         N/A       32%         3
 Animate Armour           Summ/Erth      2%         N/A       69%         4
 Leda's Liquefaction      Hex/Erth       0%         N/A       69%         4
 Manifold Assault         Tloc           23%        N/A       14%         5
 Blade Hands              Tmut           0%         N/A       95%         5
 Borgnjor's Vile Clutch   Necr/Erth      0%         N/A       95%         5
 Iron Shot                Conj/Erth      0%         9d1       100%        6
 Simulacrum               Ice/Necr       0%         N/A       100%        6
 Borgnjor's Revivificati  Necr           0%         N/A       100%        8


Dungeon Overview and Level Annotations

Branches:
Dungeon (9/15)             Temple (0/1) D:7            Lair (0/6) D:8
    Orc: D:9-12

Shops:
D:8 [*(!


Innate Abilities, Weirdness & Mutations

You have an increased reservoir of magic. (+10% MP)
You shall have no god before yourself.
Your divine heritage dramatically boosts your attributes as you level up.


Message History

The fungus is lightly damaged.
A nearby fungus withers and dies.
The two-headed ogre shouts in stereo!
Unknown command.
Throw: 3 darts (poison)
Press: ? - help, Shift-Dir - straight line, f - two-headed ogre
Aim: a two-headed ogre, wielding two +0 giant clubs (72% to hit)
You throw a poisoned dart.
The poisoned dart completely misses the two-headed ogre.
Unknown command.
Throw: 2 darts (poison)
Press: ? - help, Shift-Dir - straight line, f/p - two-headed ogre
Aim: a two-headed ogre, wielding two +0 giant clubs (72% to hit)
You throw a poisoned dart.
The poisoned dart closely misses the two-headed ogre.
Unknown command.
Throw: dart (poison)
Press: ? - help, Shift-Dir - straight line, f/p - two-headed ogre
Aim: a two-headed ogre, wielding two +0 giant clubs (72% to hit)
You throw a poisoned dart.
The poisoned dart hits the two-headed ogre.
The two-headed ogre is poisoned.
Unknown command.
Throw: 4 boomerangs
Press: ? - help, Q - select action, (/) - cycle Shift-Dir - straight line, f/p - two-headed ogre
Aim: a two-headed ogre, wielding two +0 giant clubs (poisoned, 72% to hit)
You throw a boomerang.
The boomerang barely misses the two-headed ogre.
Unknown command.
You hit the two-headed ogre.
The two-headed ogre looks even sicker.
The two-headed ogre is lightly wounded.
The two-headed ogre hits you with a +0 giant club.
The two-headed ogre hits you but does no damage.
You hit the two-headed ogre.
The two-headed ogre looks as sick as possible!
The two-headed ogre is lightly wounded.
The two-headed ogre hits you with a +0 giant club!!
Ouch! That really hurt!
The two-headed ogre hits you with a +0 giant club!!
You die...

#..#######...###..)##
#..#####. ##..# ##........##
##........ #...##
##.........## ##..###....
.....# ##...#.....<.###...#
##...
.....###..###....##..#...##
##..
......#..###.....####....#
##.. ..####...###.....#
#...#######... ..##
##.###.....####..#...≈...#..
#..#
#.##.....O@.......#...#....
##.##
#.......#####....##.PP##...
#..###...(..##
#..#...P.....#.
##....#.....##
#..#≈..P>PP.≈#.
###....(..###
#..#..PPPPP..#. # #.....###
##...##P..##... ###....##
#....#...#.... ......##
#..#...≈...#.. .......##
#...#######...


You could see a two-headed ogre (extremely poisoned).

Vanquished Creatures
  3 yaks
  A water moccasin (D:7)
  A necrophage (D:7)
  An ogre (D:5)
  4 centaurs
  3 bullfrogs
  A killer bee (D:9)
  3 centaur zombies
  A jelly (D:6)
  2 orc priests (D:7)
  3 hounds
  A bullfrog skeleton (D:7)
  Jessica (D:2)
  2 iguanas
  3 orc wizards
  2 howler monkey zombies
  A howler monkey skeleton (D:4)
  9 adders
  A shadow imp (D:7)
  A worm (D:4)
  15 orcs
  8 ball pythons
  4 endoplasms
  2 giant cockroaches
  8 goblins
  7 hobgoblins
  4 jackals (D:1)
  4 kobolds
  2 quokkas (D:1)
  10 bats
  11 frilled lizards
  5 rats
124 creatures vanquished.

Vanquished Creatures (others)
  A fungus (D:8)
1 creature vanquished.

Grand Total: 125 creatures vanquished

Notes
Turn   | Place    | Note
-------+----------+-------------------------------------------
     0 | D:1      | drugrobin the Demigod Warper began the quest for the Orb.
     0 | D:1      | Reached XP level 1. HP: 17/17 MP: 5/5
    27 | D:1      | Reached skill level 2 in Polearms
   489 | D:1      | Reached XP level 2. HP: 23/24 MP: 7/7
   504 | D:1      | Learned a level 2 spell: Blink
   616 | D:1      | Reached skill level 3 in Polearms
   884 | D:1      | Reached XP level 3. HP: 28/29 MP: 8/8
   948 | D:2      | Noticed Jessica
  1281 | D:2      | Killed Jessica
  1370 | D:2      | Learned a level 3 spell: Teleport Other
  1429 | D:2      | Reached skill level 4 in Polearms
  1677 | D:2      | Reached XP level 4. HP: 31/36 MP: 9/9
  3517 | D:3      | Got the Almanac of Stolen Souls
  3748 | D:4      | Learned a level 1 spell: Summon Small Mammal
  3892 | D:4      | Identified the +3 spear of Wayramum {freeze, Will+ MP+9}
  4029 | D:4      | Reached XP level 5. HP: 29/41 MP: 10/10
  4249 | D:4      | You fall into a shaft and drop 1 floor!
  4249 | D:5      | Entered Level 5 of the Dungeon
  4350 | D:4      | Reached skill level 1 in Stealth
  5115 | D:5      | Noticed an ogre
  5138 | D:5      | Killed an ogre
  5139 | D:5      | Reached XP level 6. HP: 48/48 MP: 11/11
  5441 | D:5      | Reached skill level 5 in Polearms
  5771 | D:6      | Identified the +3 whip "Newtslayer" {drain, rC+ Will+
                  | Dex+3}
  6150 | D:6      | Noticed a balrug
  6724 | D:7      | Found Zin's Purification Station.
  6743 | D:7      | Reached XP level 7. HP: 50/53 MP: 12/12
  6754 | D:7      | Bought 2 potions of curing for 180 gold pieces
  6795 | D:7      | Reached skill level 5 in Translocations
  6814 | D:7      | Reached skill level 6 in Polearms
  7281 | D:7      | Found a staircase to the Ecumenical Temple.
  8006 | D:8      | Noticed a yak
  8007 | D:8      | Noticed a yak
  8008 | D:8      | Noticed a yak
  8053 | D:7      | Killed a yak
  8054 | D:7      | Reached XP level 8. HP: 33/60 MP: 13/13
  8211 | D:7      | Reached skill level 7 in Polearms
  8776 | D:8      | Found a staircase to the Lair.
  8832 | D:8      | Found Fatu's Weapon Emporium.
  8832 | D:8      | Found Veclumej's Distillery.
  8832 | D:8      | Found Icrickank's Armour Emporium.
  8834 | D:8      | Found Xiacets's Assorted Antiques.
  8851 | D:8      | Bought a potion of degeneration for 11 gold pieces
  8851 | D:8      | Bought a potion of haste for 110 gold pieces
  8851 | D:8      | Bought a potion of berserk rage for 55 gold pieces
  9646 | D:8      | Reached skill level 8 in Polearms
 10149 | D:9      | Noticed a two-headed ogre
 10608 | D:8      | Slain by a two-headed ogre

Illustrated notes

Levels and vault maps discovered:
D:1:      nzn_arrival_water_spiral, layout_rooms, chequers_serial_rivers_micro_b
D:2:      layout_basic, basic_altar, minmay_lizard_pond, uniq_jessica
D:3:      layout_basic, cheibriados_altar_1, trog_antimagical,
          nicolae_vehumet_altar_sigil, hellmonk_ecumenical_altar_zigzags
D:4:      layout_basic, mainiacjoe_overflow_catwalk
D:5:      layout_loops_corners, fedhas_altar_4, nicolae_ru_sacrificial_ziggurat,
          kennysheep_mini
D:6:      layout_loops_ring, makhleb_altar_promises_db,
          kennysheep_cross_bottleneck
D:7:      layout_basic, zin_purify, minmay_temple_entry_antechambers
D:8:      layout_layer_cave, mainiacjoe_overflow_alcove_2, old_standard_altar,
          mainiacjoe_overflow_small_starburst, dpeg_oklobed_lair,
          minmay_shop_grid_forest, minmay_misc_feat_doors
D:9:      layout_rooms, gammafunk_temple_overflow_forgotten,
          biasface_ghost_orc_armoury, st_stairs_4

Skill      XL: |  1  2  3  4  5  6  7  8 |
---------------+-------------------------+-----
Polearms       | 2 3 4 5 6 8 |  8.0
Translocations | 3 4 6 7 |  7.5
Stealth        | 2 |  2.0
Fighting       | |  1.7
Throwing       | |  0.8
Armour         | |  0.8
Dodging        | |  1.7
Spellcasting   | |  1.7

Action                   |  1- 3 |  4- 6 |  7- 9 || total
-------------------------+-------+-------+-------++-------
Melee: Spear             |   159 |   185 |   176 ||   520
       Dagger            |       |    52 |    31 ||    83
       Punch             |       |     2 |     1 ||     3
 Fire: Hunting sling     |       |     4 |       ||     4
       Shortbow          |       |       |     7 ||     7
Throw: Stone             |     4 |     3 |       ||     7
       Dart              |     4 |     6 |    10 ||    20
       Boomerang         |     4 |     6 |     5 ||    15
 Cast: Blink             |     2 |     2 |     2 ||     6
       Summon Small Mamm |       |     4 |       ||     4
       Teleport Other    |       |       |     2 ||     2
  Use: Potion            |     2 |       |       ||     2
 Stab: Sleeping          |     2 |     1 |     2 ||     5
Armor: Leather armour    |    56 |    49 |    81 ||   186
Dodge: Dodged            |    93 |   106 |    98 ||   297
       Repelled          |       |       |     1 ||     1

Table legend: (Time is in decaauts)
 A = Elapsed time spent in this place.
 B = Non-inter-level travel time spent in this place.
 C = Inter-level travel time spent in this place.
 D = Time resting spent in this place.
 E = Time spent auto-exploring this place.
 F = Levels seen in this place.
 G = Mean time per level.
                   A        B        C        D        E       F      G
               +--------+--------+--------+--------+--------+-----+--------+
         Total |  10570 |   9946 |    624 |   2117 |   4782 |   9 | 1174.4 |
       Dungeon |  10570 |   9946 |    624 |   2117 |   4782 |   9 | 1174.4 |
               +--------+--------+--------+--------+--------+-----+--------+

Top non-repeatable levels by time:
     D:7: 1785 daAuts
     D:8: 1600 daAuts
     D:2: 1486 daAuts
     D:1: 1248 daAuts
     D:4: 1065 daAuts
     D:5: 995 daAuts
     D:6: 980 daAuts
     D:3: 945 daAuts
     D:9: 462 daAuts
